 Dungeon Crawl Stone Soup version 0.30-a0-913-g9934a0ce24 (webtiles) character file.

Game seed: 4653860031756087233

188 Pimp the Vexing (level 5, -1/31 HPs)
             Began as a Vampire Enchanter on Mar 19, 2023.
             Slain by Duvessa
             ... wielding a +3 short sword of protection
              (8 damage)
             ... on level 4 of the Dungeon.
             The game lasted 00:06:33 (2393 turns).

Pimp the Vexing (Vampire Enchanter)                 Turns: 2393, Time: 00:06:33

Health: -1/31      AC:  7    Str:  7    XL:     5   Next: 39%
Magic:  9/9        EV: 12    Int: 18    God:
Gold:   128        SH:  0    Dex: 16    Spells: 4/9 levels left

rFire   . . .      SeeInvis +    j - +2 spear (heavy)
rCold   . . .      Faith    .    (no shield)
rNeg    . . .      Spirit   .    d - +0 leather armour
rPois   .          Reflect  .    (no helmet)
rElec   .          Rampage  .    (no cloak)
rCorr   .                        m - +2 pair of gloves
Will    .....                    f - +0 pair of boots
Stlth   ++                       (no amulet)
HPRegen 0.45/turn                (no ring)
MPRegen 0.11/turn                (no ring)

@: silenced, healing quickly, invisible
A: alive, fangs 3, see invisible, vampiric 2, [frail 1]
a: Exsanguinate


You were on level 4 of the Dungeon.
You visited 1 branch of the dungeon, and saw 4 of its levels.

You collected 128 gold pieces.

Inventory:

Hand Weapons
 a - a +1 dagger
 j - a +2 heavy spear (weapon)
Armour
 b - a +0 robe
 d - a +0 leather armour (worn)
 f - a +0 pair of boots (worn)
 i - a +0 pair of gloves
 m - a +2 pair of gloves (worn)
 o - a +1 pair of gloves
Wands
 k - a wand of iceblast (7)
Scrolls
 e - a scroll of enchant weapon {unknown}
 p - a scroll of immolation
 t - a scroll of amnesia
Potions
 g - 2 potions of might {unknown}
 h - a potion of brilliance {unknown}
 l - 2 potions of haste {unknown}
 q - a potion of magic {unknown}
 r - a potion of resistance {unknown}
 s - a potion of mutation {unknown}
 u - a potion of attraction {unknown}


   Skills:
 - Level 1.8 Short Blades
 * Level 1.8 Polearms
 + Level 1.1 Armour
 + Level 3.2 Dodging
 - Level 5.0 Stealth
 + Level 2.8 Spellcasting
 + Level 5.4 Hexes


You had 4 spell levels left.
You knew the following spells:

 Your Spells              Type           Power      Damage    Failure   Level
a - Confusing Touch       Hex            22%        N/A       8%          3
b - Ensorcelled Hibernat  Hex/Ice        24%        N/A       12%         2

Your spell library contained the following spells:

 Spells                   Type           Power      Damage    Failure   Level
 Tukima's Dance           Hex            22%        N/A       8%          3
 Dazzling Flash           Conj/Hex       24%        N/A       24%         3
 Malign Gateway           Summ/Tloc      1%         N/A       100%        7
 Summon Horrible Things   Summ           1%         N/A       100%        8


Dungeon Overview and Level Annotations

Branches:
Dungeon (4/15)
 Temple: D:4-7

Altars:
Uskayaw

Annotations:
D:1 1 runed translucent door
D:4 Dowan, Duvessa


Innate Abilities, Weirdness & Mutations

Your natural rate of healing is accelerated.
You have razor-sharp teeth.
You have supernaturally acute eyesight. (SInv)
You are afflicted with vampirism and can become a bat while bloodless.
[You are frail. (-10% HP)]


Message History

Duvessa seems to speed up.
A gnoll comes into view. It is wielding a +0 flail.
Duvessa hits you with a +3 short sword of protection!
Duvessa hits you with a +3 short sword of protection.
You hit Duvessa but do no damage.
Duvessa hits you with a +3 short sword of protection!
Duvessa hits you but does no damage.
You hit Duvessa.
Duvessa is lightly wounded.
Duvessa closely misses you. Duvessa misses you.
A gnoll comes into view. It is wielding a +0 flail.
You feel much better.
Duvessa hits you with a +3 short sword of protection.
Duvessa hits you with a +3 short sword of protection!
You barely miss Duvessa.
Duvessa is lightly wounded.
Duvessa closely misses you.
A gnoll comes into view. It is wielding a +0 whip.
Duvessa closely misses you.
You fade into invisibility!
Duvessa hits you with a +3 short sword of protection!
You puncture Duvessa! You bite Duvessa, but do no damage.
Duvessa is moderately wounded.
Dowan closely misses you.
You hit Dowan.
Dowan is lightly wounded.
Dowan misses you.
You catch the helpless Dowan completely off-guard!
You hit Dowan.
Dowan is lightly wounded.
You hit Duvessa but do no damage. You punch Duvessa, but do no damage.
Your bite misses Duvessa.
Duvessa is moderately wounded.
Duvessa barely misses you.
Duvessa hits you with a +3 short sword of protection!
* * * LOW HITPOINT WARNING * * *
You closely miss Duvessa. You bite Duvessa, but do no damage.
Duvessa is moderately wounded.
Duvessa hits you with a +3 short sword of protection!
You die... #.# #.# ##.## ##...## ..g.. gge

#e# .#
####@###..#
#.....$..#
#.##.####...
# #<# #.#
#.. ##.# .#
.#


You could see Duvessa (fast, unable to see you), Dowan (unable to see you) and 3
gnolls.

Vanquished Creatures
  A scorpion (D:2)
  Jessica (D:2)
  4 adders
  A worm (D:2)
  2 dart slugs
  2 orcs (D:3)
  8 ball pythons
  4 endoplasms
  3 giant cockroaches
  2 goblins
  A hobgoblin (D:1)
  6 kobolds
  6 quokkas
  8 bats
  3 frilled lizards
  6 rats
58 creatures vanquished.

Notes
Turn   | Place    | Note
-------+----------+-------------------------------------------
     0 | D:1      | Pimp the Vampire Enchanter began the quest for the Orb.
     0 | D:1      | Reached XP level 1. HP: 13/13 MP: 3/3
     1 | D:1      | Found a runed translucent door.
   271 | D:1      | Reached XP level 2. HP: 17/19 MP: 5/5
   856 | D:1      | Gained mutation: You are afflicted with vampirism and can
                  | become a bat while bloodless. [Vampire growth]
   856 | D:1      | Reached XP level 3. HP: 20/24 MP: 6/6
  1072 | D:2      | Reached skill level 5 in Stealth
  1078 | D:2      | Learned a level 3 spell: Confusing Touch
  1081 | D:2      | Learned a level 2 spell: Ensorcelled Hibernation
  1187 | D:2      | Noticed a scorpion
  1192 | D:2      | Noticed Jessica
  1200 | D:2      | Killed Jessica
  1201 | D:2      | Reached skill level 5 in Hexes
  1201 | D:2      | Reached XP level 4. HP: 30/30 MP: 7/7
  1209 | D:2      | Killed a scorpion
  1210 | D:2      | Reached skill level 1 in Polearms
  1245 | D:2      | Reached XP level 5. HP: 4/28 MP: 7/9
  1419 | D:2      | Reached skill level 1 in Armour
  1439 | D:2      | Found a faded altar of an unknown god.
  1956 | D:3      | Noticed a +0 dagger
  1956 | D:3      | Noticed a +0 short sword
  1956 | D:3      | Noticed a +0 short sword
  1957 | D:3      | Noticed a +0 spear
  1958 | D:3      | Noticed a +0 falchion
  1958 | D:3      | Noticed a +0 spear
  1959 | D:3      | Noticed a +0 falchion
  1959 | D:3      | Noticed a +0 dagger
  2347 | D:3      | Found a hide-covered altar of Uskayaw.
  2379 | D:4      | Noticed Duvessa
  2379 | D:4      | Noticed Dowan
  2393 | D:4      | Slain by Duvessa

Illustrated notes

Levels and vault maps discovered:
D:1:      dpeg_arrival_caged_fury, layout_basic, serial_bayou,
          serial_bayou_shore_b, serial_bayou_crossing, serial_bayou_shore_a,
          serial_bayou_pond_b, serial_bayou_pond_a, serial_bayou_pond_d,
          eino_curves_04, minmay_cut_off
D:2:      layout_basic, hellmonk_ecumenical_altar_blasted, uniq_jessica
D:3:      layout_basic, nicolae_uskayaw_en_pointe, kennysheep_potato
D:4:      layout_loops_ring, lightli_sewer_entry_pipes, minivault_26,
          minmay_stone_trees_small, uniq_duvessa

Skill      XL: |  1  2  3  4  5 |
---------------+----------------+-----
Stealth        | 5 |  5.0
Hexes          | 5 |  5.4
Polearms       | 1 |  1.8
Dodging        | 3 |  3.2
Armour         | 1 |  1.1
Short Blades   | |  1.8
Spellcasting   | |  2.8

Action                     |  1- 3 |  4- 6 || total
---------------------------+-------+-------++-------
  Melee: Dagger            |    94 |       ||    94
         Bite              |    10 |    10 ||    20
         Punch             |     2 |     2 ||     4
         Spear             |     2 |    84 ||    86
Ability: Exsanguinate      |       |     1 ||     1
         Revivify          |       |     1 ||     1
    Use: Scroll            |     4 |     2 ||     6
         Potion            |       |     4 ||     4
   Stab: Sleeping          |     9 |     7 ||    16
         Invisible         |       |     2 ||     2
 Armour: Robe              |     9 |       ||     9
         Leather armour    |    32 |    23 ||    55
  Dodge: Dodged            |    68 |    78 ||   146

Table legend: (Time is in decaauts)
 A = Elapsed time spent in this place.
 B = Non-inter-level travel time spent in this place.
 C = Inter-level travel time spent in this place.
 D = Time resting spent in this place.
 E = Time spent auto-exploring this place.
 F = Levels seen in this place.
 G = Mean time per level.
                   A        B        C        D        E       F      G
               +--------+--------+--------+--------+--------+-----+--------+
         Total |   2456 |   2403 |     53 |    280 |   1360 |   4 |  614.0 |
       Dungeon |   2456 |   2403 |     53 |    280 |   1360 |   4 |  614.0 |
               +--------+--------+--------+--------+--------+-----+--------+

Top non-repeatable levels by time:
     D:1: 1025 daAuts
     D:3: 712 daAuts
     D:2: 701 daAuts
     D:4: 17 daAuts
